 Dungeon Crawl Stone Soup version 0.28.0-62-gf88900778d (webtiles) character file.

Game seed: 10935760369576107778

3037 cbfl8 the Cleaver (level 9, -6/117 HPs)
             Began as a Minotaur Berserker on Apr 28, 2023.
             Was an Elder of Trog.
             Mangled by a two-headed ogre
             ... wielding a +0 giant club
              (11 damage)
             ... on level 7 of the Dungeon.
             The game lasted 00:05:29 (7551 turns).

cbfl8 the Cleaver (Minotaur Berserker)              Turns: 7551, Time: 00:05:30

Health: -6/117     AC:  8    Str: 23    XL:     9   Next: 56%
Magic:  8/8        EV: 12    Int:  4    God:    Trog [****..]
Gold:   302        SH:  0    Dex: 13    Spells: 8/8 levels left

rFire   . . .      SeeInvis .   A - +0 war axe (flame)
rCold   . . .      Faith    .   (no shield)
rNeg    . . .      Spirit   .   c - +0 scale mail
rPois   +          Reflect  .   (helmet restricted)
rElec   .          Harm     .   u - scarf {repulsion}
rCorr   .          Rampage  .   (no gloves)
Will    .....                   (no boots)
Stlth   ..........              (no amulet)
HPRegen 0.29/turn               r - +4 ring of slaying
MPRegen 0.11/turn               q - ring of poison resistance

@: berserking, repel missiles, very quick
A: horns 2, retaliatory headbutt
a: Renounce Religion, Berserk, Trog's Hand, Brothers in Arms


You were on level 7 of the Dungeon.
You worshipped Trog.
Trog was greatly pleased with you.
You visited 1 branch of the dungeon, and saw 7 of its levels.
You also visited: Ossuary.

You collected 302 gold pieces.

Inventory:

Hand Weapons
 A - a +0 war axe of flaming (weapon)
Armour
 c - a +0 scale mail (worn)
 u - a scarf of repulsion (worn)
Jewellery
 l - a +4 ring of evasion
 q - a ring of poison resistance (right hand)
 r - a +4 ring of slaying (left hand)
 v - a ring of protection from fire
 B - a ring of willpower
Wands
 i - a wand of polymorph (7)
 j - a wand of iceblast (7)
 x - a wand of charming (1)
Scrolls
 e - 3 scrolls of blinking {unknown}
 f - a scroll of noise
 g - a scroll of fog
 h - a scroll of acquirement
 k - 2 scrolls of silence
 n - 2 scrolls of teleportation {unknown}
 o - 2 scrolls of enchant weapon {unknown}
 s - a scroll of immolation {unknown}
 t - a scroll of summoning
 y - a scroll of fear {unknown}
Potions
 a - 2 potions of curing {unknown}
 b - 5 potions of mutation {unknown}
 d - 2 potions of heal wounds {unknown}
 m - a potion of cancellation {unknown}
 p - 2 potions of flight {unknown}
 w - 3 potions of might {unknown}
 z - 2 potions of lignification {unknown}


   Skills:
 + Level 6.9 Fighting
 + Level 10.6 Axes
 + Level 7.4 Armour
 + Level 4.5 Dodging
 + Level 0.8 Stealth
 * Level 5.2 Evocations


You had 8 spell levels left.
You didn't know any spells.
Your spell library was empty.

Dungeon Overview and Level Annotations

Branches:
Dungeon (7/15)             Temple (0/1) D:6         Ossuary (visited)

Altars:
Fedhas
Gozag
Qazlal
Yredelemnul

Shops:
D:6 (


Innate Abilities, Weirdness & Mutations

You have a pair of horns on your head.
You reflexively headbutt those who attack you in melee.


Message History

Found a stone staircase leading up.
No target in view!
You now have 302 gold pieces (gained 16).
You open the door.
A two-headed ogre comes into view. It is wielding two +0 giant clubs.
The two-headed ogre shouts in stereo!
Found 12 gold pieces.
An orc comes into view.
It is wielding a +1 war axe of electrocution.
There is an open door here.
There are monsters nearby!
The orc shouts!
The two-headed ogre barely misses you. x2
There are monsters nearby!
You slash the two-headed ogre! You burn the two-headed ogre.
You headbutt the two-headed ogre!
The two-headed ogre is heavily wounded.
The two-headed ogre hits you with a +0 giant club!!
The two-headed ogre barely misses you.
There are monsters nearby!
You slash the two-headed ogre! You burn the two-headed ogre.
The two-headed ogre is almost dead.
You closely miss the two-headed ogre.
The two-headed ogre is almost dead.
The two-headed ogre hits you with a +0 giant club.
The two-headed ogre closely misses you.
You barely miss the two-headed ogre.
The two-headed ogre is almost dead.
You closely miss the orc.
The two-headed ogre hits you with a +0 giant club!!
The two-headed ogre hits you with a +0 giant club.
The orc closely misses you.
You are too injured to fight recklessly!
A red film seems to cover your vision as you go berserk!
You feel yourself moving faster!
You feel mighty!
The orc hits you with a +1 war axe of electrocution.
* * * LOW HITPOINT WARNING * * *
The two-headed ogre hits you with a +0 giant club!!
* * * LOW HITPOINT WARNING * * *
The two-headed ogre hits you with a +0 giant club!
You die...

........#......#
.<.......#......#
.........#......# #
........#......#
##.##+###......#'######
........#.........#..###
#.......#.........#.....
..$...O.#.........#.....
......o@#.........#.....
........'.........#.....
#########.........######
###########


You could see a two-headed ogre and an orc.

Vanquished Creatures
  Pikel (D:6)
  A wraith (Ossuary)
  3 yaks (D:5)
  2 water moccasins (D:5)
  An ice beast (D:5)
  2 orc warriors (D:6)
  A sky beast (D:7)
  2 black bears
  A phantom (D:6)
  2 lemures (D:6)
  A kobold brigand (D:7)
  An elf zombie (Ossuary)
  Blork the orc (D:4)
  A bullfrog (D:7)
  A scorpion (D:7)
  A water moccasin skeleton (D:6)
  A howler monkey (D:5)
  An orc priest (D:6)
  A bullfrog skeleton (D:6)
  A gnoll shaman (D:7)
  2 hounds
  5 iguanas
  2 orc wizards
  A killer bee zombie (D:6)
  4 mummies
  Robin (D:2)
  A howler monkey zombie (D:7)
  12 gnolls
  4 adders
  3 howler monkey skeletons
  2 adder skeletons (D:4)
  2 worms
  5 dart slugs
  10 orcs
  4 ball pythons
  4 endoplasms
  4 giant cockroaches
  15 goblins
  6 hobgoblins
  7 jackals
  2 quokkas
  7 bats
  6 frilled lizards
  A gnoll zombie (Ossuary)
  3 goblin zombies
  3 hobgoblin zombies (Ossuary)
  14 kobolds
  2 kobold zombies (Ossuary)
  An orc zombie (D:7)
  6 rats
165 creatures vanquished.

Vanquished Creatures (others)
  11 plants (D:1)
11 creatures vanquished.

Grand Total: 176 creatures vanquished

Notes
Turn   | Place    | Note
-------+----------+-------------------------------------------
     0 | D:1      | cbfl8 the Minotaur Berserker began the quest for the Orb.
     0 | D:1      | Reached XP level 1. HP: 19/19 MP: 0/0
   226 | D:1      | Reached XP level 2. HP: 27/27 MP: 1/1
   228 | D:1      | Reached skill level 4 in Axes
   558 | D:1      | Reached XP level 3. HP: 33/33 MP: 2/2
   746 | D:2      | You fall into a shaft and drop 2 floors!
   778 | D:4      | Reached XP level 4. HP: 21/41 MP: 1/3
  1195 | D:4      | Noticed Blork the orc
  1204 | D:4      | Reached skill level 1 in Evocations
  1210 | D:4      | Killed Blork the orc
  1210 | D:4      | Reached ** piety under Trog
  1211 | D:4      | Reached skill level 5 in Axes
  1211 | D:4      | Reached XP level 5. HP: 13/47 MP: 4/4
  1857 | D:2      | Noticed Robin
  1867 | D:2      | Killed Robin
  2896 | D:3      | Found a faded altar of an unknown god.
  3396 | D:4      | Reached *** piety under Trog
  3397 | D:4      | Reached XP level 6. HP: 51/55 MP: 5/5
  3863 | D:5      | Entered Level 5 of the Dungeon
  4007 | D:5      | Reached skill level 6 in Axes
  4077 | D:5      | Noticed a water moccasin
  4083 | D:5      | Killed a water moccasin
  4084 | D:5      | Reached skill level 5 in Fighting
  4273 | D:5      | Noticed a yak
  4276 | D:5      | Noticed a yak
  4278 | D:5      | Noticed a yak
  4282 | D:5      | Killed a yak
  4283 | D:5      | Reached XP level 7. HP: 61/61 MP: 6/6
  4283 | D:5      | Killed a yak
  4284 | D:5      | Reached skill level 7 in Axes
  4286 | D:5      | Killed a yak
  4287 | D:5      | Reached skill level 5 in Armour
  4403 | D:5      | Reached XP level 8. HP: 67/69 MP: 7/7
  4409 | D:5      | Reached skill level 8 in Axes
  5078 | D:6      | Found a basalt altar of Yredelemnul.
  5081 | D:6      | Found a stormy altar of Qazlal.
  5084 | D:6      | Found a blossoming altar of Fedhas.
  5087 | D:6      | Found an opulent altar of Gozag.
  5217 | D:6      | Noticed Pikel
  5225 | D:6      | Killed Pikel
  5226 | D:6      | Reached skill level 9 in Axes
  5459 | D:6      | Reached XP level 9. HP: 74/75 MP: 8/8
  5467 | D:6      | Found a staircase to the Ecumenical Temple.
  5816 | D:6      | Found Ziyteiru's Antique Weapon Emporium.
  6357 | D:7      | Found a sand-covered staircase.
  6364 | Ossuary  | Entered an ossuary
  6401 | Ossuary  | Reached **** piety under Trog
  6534 | Ossuary  | Reached skill level 10 in Axes
  6736 | Ossuary  | Identified a scroll of acquirement
  6777 | D:7      | Reached skill level 5 in Evocations
  7544 | D:7      | Noticed a two-headed ogre
  7551 | D:7      | HP: 5/117 [two-headed ogre/+0 giant club (26)]
  7551 | D:7      | Mangled by a two-headed ogre

Illustrated notes

Levels and vault maps discovered:
D:1:      roderic_crop_circles_arrival_small, layout_rooms, minmay_door_square
D:2:      layout_loops_corners, uniq_robin
D:3:      layout_rooms, ebering_ecumenical_altar_webs
D:4:      layout_basic, grunt_decor_fettered, chequers_serial_rivers_marsh,
          feat_on_display, uniq_blork_the_orc
D:5:      layout_loops_corners, chequers_serial_rivers_small_b
D:6:      layout_basic, grunt_temple_overflow_cloverleaf,
          minmay_temple_entry_slanted, serial_shops, kennysheep_little_box,
          minmay_misc_feat_diagonals, uniq_pikel
D:7:      layout_gridville, lemuel_crystal_altar, nicolae_ossuary_entry_giza

Skill      XL: |  1  2  3  4  5  6  7  8  9 |
---------------+----------------------------+-----
Axes           | 4 5 6 7 9 10 | 10.6
Fighting       | 4 5 6 |  6.9
Armour         | 3 4 5 6 7 |  7.4
Evocations     | 1 2 3 4 5 |  5.2
Dodging        | 3 4 |  4.5
Stealth        | |  0.8

Action                   |  1- 3 |  4- 6 |  7- 9 || total
-------------------------+-------+-------+-------++-------
Melee: Hand axe          |    70 |   121 |       ||   191
       Headbutt          |    14 |    23 |    28 ||    65
       Punch             |       |     1 |     1 ||     2
       War axe           |       |     5 |   145 ||   150
Invok: Berserk           |     1 |     2 |     2 ||     5
       Trog's Hand       |       |       |     1 ||     1
  Use: Scroll            |       |       |     6 ||     6
Armor: Animal skin       |     2 |       |       ||     2
       Scale mail        |    33 |    54 |    37 ||   124
Dodge: Dodged            |    33 |    72 |    83 ||   188
